 Dungeon Crawl Stone Soup version 0.18-a0-1539-g1c7284a (webtiles) character file.

65 mrath the Magician (level 3, -4/26 HPs)
             Began as a Draconian Wizard on Mar 9, 2016.
             Killed from afar by an orc wizard (7 damage)
             ... with a magic dart
             ... on level 2 of the Dungeon.
             The game lasted 00:17:39 (2273 turns).

mrath the Magician (Draconian Wizard)               Turns: 2273, Time: 00:17:40

Health: -4/26      AC:  6    Str:  9    XL:     3   Next: 92%
Magic:  6/8        EV: 12    Int: 19    God:
Gold:   93         SH:  0    Dex:  9    Spells: 3 memorised, 5 levels left

rFire  . . .     SeeInvis .     e - +0 spear
rCold  . . .     Gourm    .     (armour unavailable)
rNeg   . . .     Faith    .     (no shield)
rPois  .         Spirit   .     a - +0 hat
rElec  .         Dismiss  .     (no cloak)
rCorr  .         Reflect  .     (no gloves)
SustAt .         Harm     .     z - +0 pair of boots
MR     .....                    (no amulet)
Stlth  ++........               (no ring)
                                (no ring)

@: not resistant to hostile enchantments, unstealthy
A: unfitting armour, cold-blooded, AC +5
a: no special abilities


You were on level 2 of the Dungeon.
You were not hungry.

You visited 1 branch of the dungeon, and saw 3 of its levels.

You collected 93 gold pieces.

Inventory:

Hand Weapons
 e - a +0 spear (weapon)
 l - a cursed -3 hunting sling
Missiles
 g - 124 stones
 x - 6 tomahawks (quivered)
 A - 7 needles of frenzy
Armour
 a - a +0 hat (worn)
 z - a +0 pair of boots (worn)
Jewellery
 v - a +3 ring of intelligence {unknown}
Wands
 y - a wand of lightning (5/15)
Scrolls
 d - a scroll of magic mapping {unknown}
 f - a scroll of blinking {unknown}
 j - a scroll of fear {unknown}
 o - a scroll of fog {unknown}
 q - a scroll of immolation {unknown}
 s - a scroll of enchant armour {unknown}
 t - a scroll of enchant weapon {unknown}
 u - a scroll of remove curse {unknown}
Potions
 h - a potion of heal wounds {unknown}
 i - a potion of curing {unknown}
 k - a potion of berserk rage {unknown}
 m - a potion of mutation {unknown}
 p - a potion of brilliance {unknown}
Books
 b - a book of Minor Magic

   Spells                             Type                      Level
   a - Magic Dart                     Conjuration                  1
   b - Blink                          Translocation                2
   c - Call Imp                       Summoning                    2
   d - Repel Missiles                 Charms/Air                   2
   e - Slow                           Hexes                        2
   f - Conjure Flame                  Conjuration/Fire             3
   g - Mephitic Cloud                 Conjuration/Poison/Air       3
 r - a book of Cantrips

   Spells                             Type                      Level
   a - Corona                         Hexes                        1
   b - Animate Skeleton               Necromancy                   1
   c - Summon Small Mammal            Summoning                    1
   d - Apportation                    Translocation                1
Comestibles
 c - 3 bread rations
 n - a chunk of flesh
 w - 2 beef jerkies


   Skills:
 - Level 1.8 Dodging
 - Level 1.9 Stealth
 + Level 4.1 Spellcasting
 + Level 2.0 Conjurations
   Level 1.0 Summonings
 - Level 1.0 Translocations


You had 5 spell levels left.
You knew the following spells:

 Your Spells              Type           Power        Failure   Level  Hunger
a - Magic Dart            Conj           ##..         8%          1    None
b - Repel Missiles        Chrm/Air       #.....       21%         2    ##.....
c - Blink                 Tloc           N/A          14%         2    ##.....


Dungeon Overview and Level Annotations

Branches:
Dungeon (3/15)

Altars:
Dithmenos


Innate Abilities, Weirdness & Mutations

Your plain brown scales are hard (AC +5).
Your body does not fit into most forms of armour.
You are cold-blooded and may be slowed by cold attacks.


Message History

Something tries to affect you, but you resist.
A magic dart appears from out of thin air!
The magic dart hits you!
* * * LOW HITPOINT WARNING * * *
Something hits you but does no damage.
You closely miss something. Something hits you but does no damage.
You closely miss something. Something hits you but does no damage.
You hit something but do no damage. Something hits you but does no damage.
You hit something but do no damage. Something completely misses you.
You hit something. You tail-slap something.
Something hits you but does no damage.
You barely miss something. Something hits you but does no damage.
You closely miss something. Something hits you.
* * * LOW HITPOINT WARNING * * *
You barely miss something. You tail-slap something.
Something hits you but does no damage.
You hear some strange, mumbled words.
A magic dart appears from out of thin air!
The magic dart hits you!
You die...

#.#..##.####.### ##........
#.#.###.# #...####.#<......
#.......# #.#.....##.......
###.##### #..)####.#.#...##
####.#### #####.###.##...#
#.......# #.........####
#.##.##.## ##...##.##.# #.
######.##.....#####.....#.##.###.
.........###....@{........##..##.
.##.##.#.###.#####......####.....
.##.##.......# #......#####..##.
.##.##.#.##### #...##).......##.
....)....# #...#########....
.##.##.#.# #...# #....#
..#......#### #...# ###....#
..####......#####...######.....##
..# #.#.##....................##


There were no monsters in sight!

Vanquished Creatures
  An adder (D:1)
  2 dart slugs (D:1)
  An orc (D:3)
  2 ball pythons (D:1)
  7 bats
  5 giant cockroaches
  5 goblins
  5 hobgoblins
  6 jackals
  2 giant newts (D:1)
  5 kobolds
  5 rats
46 creatures vanquished.

Notes
Turn   | Place    | Note
--------------------------------------------------------------
     0 | D:1      | mrath the Draconian Wizard began the quest for the Orb.
     0 | D:1      | Reached XP level 1. HP: 14/14 MP: 4/4
    79 | D:1      | Reached XP level 2. HP: 10/20 MP: 0/6
   690 | D:1      | Reached XP level 3. HP: 19/26 MP: 1/8
   809 | D:1      | Learned a level 2 spell: Repel Missiles
  1063 | D:1      | Learned a level 2 spell: Blink
  1244 | D:2      | Reached skill level 4 in Spellcasting
  1398 | D:2      | Found a shadowy altar of Dithmenos.
  2273 | D:2      | Killed from afar by an orc wizard

Vault maps used:
D:1:      dpeg_arrival_rooms_with_view
D:2:      grunt_dithmenos_smoke_and_mirrors, first_bread
D:3:      kennysheep_big_flooded_room, nemelex_deck

Skill      XL: |  1  2  3 |
---------------+----------+-----
Spellcasting   | 4 |  4.1
Conjurations   | 2 |  2.0
Dodging        | |  1.8
Stealth        | |  1.9
Summonings     | |  1.0
Translocations | |  1.0

Action                   || total
-------------------------++-------
Melee: Spear             ||    97
Throw: Stone             ||     3
 Cast: Magic Dart        ||    88
       Repel Missiles    ||     1
  Eat: Chunk             ||     4
